 Dungeon Crawl Stone Soup version 0.15.1-1-gfacfea3 (webtiles) character file.

73014 Maja the Shatterer (level 15, -15/208 HPs)
             Began as a Minotaur Berserker on Sept 14, 2014.
             Was the Champion of Trog.
             Demolished by an ettin
             ... wielding a +0 dire flail
              (19 damage)
             ... on Level 3 of the Orcish Mines on Sept 19, 2014.
             The game lasted 06:00:02 (24034 turns).

Maja the Shatterer (Minotaur Berserker)            Turns: 24034, Time: 06:00:03

HP -15/208       AC 21     Str 36      XL: 15   Next:  2%
MP   0/17        EV  8     Int  4      God: Trog [******]
Gold 2406        SH  0     Dex 11      Spells:  0 memorised, 14 levels left

rFire  . . .     SeeInvis .     a - +4 great mace (crush)
rCold  + . .     Clarity  .     G - +1 plate armour {rC+}
rNeg   . . .     rCorr    .     (no shield)
rPois  +         rRot     .     (helmet restricted)
rElec  .         Spirit   +     W - +1 cloak
SustAb .         Warding  .     u - +0 pair of gloves
rMut   .         Stasis   .     V - +0 pair of boots
Gourm  .                        p - amulet of guardian spirit
MR     +....                    z - ring of Cratity {Str+4 Slay+4}
                                A - ring of poison resistance

@: berserking, very slightly contaminated, very quick, somewhat resistant to
hostile enchantments, extremely unstealthy
A: retaliatory headbutt, horns 2, icy blue scales 1
a: Burn Spellbooks, Berserk, Trog's Hand, Brothers in Arms, Renounce Religion


You were on level 3 of the Orcish Mines.
You worshipped Trog.
Trog was exalted by your worship.
You were not hungry.

You visited 4 branches of the dungeon, and saw 24 of its levels.
You also visited: Labyrinth and Ice Cave.

You collected 2406 gold pieces.

Inventory:

Hand weapons
 a - a +4 great mace of crushing (weapon)
 b - a +6 hunting sling of flaming
Missiles
 h - 42 sling bullets of frost
 l - 5 curare-tipped needles
Armour
 u - a +0 pair of gloves (worn)
 G - a +1 plate armour of cold resistance (worn)
 V - a +0 pair of boots (worn)
 W - a +1 cloak (worn)
Magical devices
 q - a wand of digging (16)
 v - a wand of draining (8)
 H - a wand of invisibility (0)
 L - a wand of frost (15)
 M - a wand of enslavement (9)
 O - a wand of fireball (0)
 S - a wand of polymorph (13)
 T - a wand of random effects (17)
 U - a wand of polymorph (8)
 X - a wand of paralysis (5)
Comestibles
 d - 9 meat rations
 I - 13 bread rations
 J - 19 beef jerkies
 Q - a royal jelly
Scrolls
 c - a scroll of acquirement
 f - 4 scrolls of identify
 j - 3 scrolls of recharging
 m - 5 scrolls of remove curse
 r - 4 scrolls of magic mapping
 t - a scroll of teleportation
 y - 3 scrolls of enchant armour
 K - a scroll of fog
 Z - 2 scrolls of enchant weapon
Jewellery
 p - an amulet of guardian spirit (around neck)
 z - the ring of Cratity (right hand) {Str+4 Slay+4}
   (You found it on level 5 of the Dungeon)

   [ring of strength]

   It affects your strength (+4).
   It affects your accuracy and damage with ranged weapons and melee attacks
   (+4).
 A - a ring of poison resistance (left hand)
 B - a +5 ring of dexterity
 N - an uncursed amulet of resist mutation
Potions
 g - a potion of invisibility
 i - 6 potions of heal wounds
 k - 3 potions of resistance
 n - 2 potions of agility
 w - 12 potions of curing
 x - 2 potions of cancellation
 C - 2 potions of restore abilities
 E - 3 potions of haste
 P - 6 potions of might
 R - 4 potions of flight
Miscellaneous
 o - a lamp of fire


   Skills:
 * Level 14.4 Fighting
 * Level 22.4 Maces & Flails
 * Level 8.8 Slings
 + Level 9.6 Armour
 + Level 2.8 Dodging
 * Level 4.5 Evocations


You had 14 spell levels left.
You didn't know any spells.

Dungeon Overview and Level Annotations

Branches:
Dungeon (11/15)            Temple (1/1) D:6             Orc (4/4) D:10
    Elf (0/3) Orc:4          Lair (8/8) D:10          Swamp (0/5) Lair:5
 Spider (0/5) Lair:4        Slime (0/6) Lair:8

Altars:
Ashenzari
Cheibriados
Dithmenos
Elyvilon
Fedhas
Kikubaaqudgha
Makhleb
Nemelex Xobeh
Okawaru
Qazlal
Sif Muna
Trog
Vehumet
Xom
Yredelemnul
Zin
The Shining One
Jiyva

Shops:
D:6 !   D:8 %((*   D:11 }   Orc:4 :


Innate Abilities, Weirdness & Mutations

You reflexively headbutt those who attack you in melee.
You have a pair of horns on your head.
You are partially covered in icy blue scales (AC +1).


Message History

You feel sick.
You feel sick.
Things that are here:
a robe; a dagger You feel sick.
You are no longer poisoned.
Things that are here:
a short sword; a leather armour; a mace
There is a stone staircase leading up here.
The ettin hits you with a dire flail!!
* * * LOW HITPOINT WARNING * * *
The ettin hits you with a runed dire flail!!
* * * LOW HITPOINT WARNING * * *
You climb upwards.
There is a stone staircase leading down here.
Use which ability? (? or * to list)
A red film seems to cover your vision as you go berserk!
You feel yourself moving faster!
You feel mighty!
You feel somewhat more hungry. The ettin hits you with a dire flail!!
You die...

........#.#........#.#.#.....###
..##.................#.[..#.##
..####.......#............###
...# #.......###...........#
..## ##.....## ###........## ..#
###......# #........#### .##
#........###.........#.# ##
##.........###).[.......###
##............@C...........##
##......##.#....)<..#........#
##......#####.......####.....##
........##.#........##.......#
.#......##..........####...###
.##.............[)..###)...##
..##............#......)....#
.##...........###.#...)...###
.............## #.#...>...#


You could see an ettin.

Vanquished Creatures
  Snorg (Orc:4)
  A minotaur (Lab)
  A great orb of eyes (D:11)
  Harold (Lair:1)
  6 hydras
  Erica (D:10)
  8 death yaks
  2 orc high priests (Orc:4)
  A catoblepas (Lair:8)
  3 ice statues (IceCv)
  2 hill giants
  A necromancer (IceCv)
  A lindwurm (Lair:8)
  An orc knight (Orc:4)
  A wolf spider (Lair:4)
  An ugly thing (D:11)
  12 elephants
  7 black mambas
  Maurice (D:9)
  A gargoyle (D:11)
  A kobold demonologist (D:11)
  12 spiny frogs
  The ghost of kaze the Cudgeler, an average OgDK of Yredelemnul (D:4)
  A centaur skeleton (D:11)
  3 trolls
  3 fire drakes
  5 polar bears (Lair:8)
  7 komodo dragons
  Sonja (Orc:4)
  27 blink frogs
  8 blue devils (IceCv)
  Prince Ribbit (D:9)
  A boulder beetle (Orc:3)
  A two-headed ogre (D:11)
  4 slime creatures (D:11)
  2 basilisks
  A spriggan (D:7)
  4 wyverns
  A hill giant skeleton (D:11)
  10 hippogriffs
  A shadow (D:11)
  44 yaks
  5 hungry ghosts
  9 hogs (Lair:8)
  5 wargs (Lair:8)
  30 wolves
  Edmund (D:9)
  A steam dragon (Lair:8)
  20 orc warriors
  16 water moccasins
  4 hell hounds (Lair:8)
  The ghost of kaze the Cudgeler, an average OgDK of Yredelemnul (D:3)
  2 phantoms
  9 porcupines
  15 ice beasts
  2 yellow wasps (D:11)
  7 centaurs
  10 ogres
  A necrophage (D:10)
  8 black bears
  2 sky beasts
  9 crocodiles
  Sigmund (D:5)
  A brain worm (D:11)
  16 giant frogs
  3 big kobolds
  7 scorpions
  A cyclops skeleton (D:10)
  18 killer bees
  A hippogriff zombie (D:10)
  A hippogriff skeleton (D:8)
  A jelly (D:8)
  3 crimson imps
  2 draconian simulacra (IceCv)
  5 goliath beetles
  16 wights
  23 hounds
  10 orc priests
  8 iguanas
  2 quasits
  Natasha (D:6)
  18 orc wizards
  6 worker ants
  27 sheep
  4 troll simulacra (IceCv)
  2 spriggan simulacra (IceCv)
  A crocodile zombie (D:7)
  Ijyb (D:4)
  Jessica (D:2)
  A centaur simulacrum (IceCv)
  A hound skeleton (D:5)
  4 mummies
  A scorpion zombie (D:7)
  A worker ant zombie (D:8)
  27 adders
  7 gnolls
  49 green rats
  A naga simulacrum (IceCv)
  4 giant mites
  An inept feature mimic (D:5)
  A shadow imp (D:5)
  2 worms
  An iguana zombie (D:9)
  An adder skeleton (D:5)
  An adder zombie (D:7)
  7 giant geckos
  3 oozes
  116 orcs
  A ball python (D:5)
  23 goblins
  25 hobgoblins
  12 quokkas
  13 bats
  9 giant cockroaches
  6 giant newts
  A gnoll skeleton (D:6)
  A goblin skeleton (D:4)
  15 jackals
  26 kobolds
  2 orc skeletons
  21 rats
  A rat skeleton (Orc:4)
  A ballistomycete (D:11)
  2 fungi (Lair:8)
  A plant (Lair:8)
918 creatures vanquished.

Vanquished Creatures (others)
  A hound (Lair:8)
  2 orcs (Orc:3)
  2 giant spores (D:11)
  A rat skeleton (Orc:4)
  2 fungi
  A plant (Lair:8)
9 creatures vanquished.

Grand Total: 927 creatures vanquished

Notes
Turn   | Place    | Note
--------------------------------------------------------------
     0 | D:1      | Maja, the Minotaur Berserker, began the quest for the Orb.
     0 | D:1      | Reached XP level 1. HP: 19/19 MP: 1/1
    80 | D:1      | Reached skill level 4 in Maces & Flails
    80 | D:1      | Reached XP level 2. HP: 19/26 MP: 1/1
   288 | D:1      | Acquired Trog's second power
   459 | D:1      | Reached skill level 5 in Maces & Flails
   537 | D:1      | Reached XP level 3. HP: 25/31 MP: 2/2
   852 | D:2      | Found a shimmering altar of Xom.
  1001 | D:2      | Noticed Jessica
  1006 | D:2      | Killed Jessica
  1006 | D:2      | Reached skill level 6 in Maces & Flails
  1006 | D:2      | Reached XP level 4. HP: 6/39 MP: 2/2
  1652 | D:3      | Noticed kaze's ghost (average OgDK)
  1670 | D:3      | Killed kaze's ghost
  1670 | D:3      | Reached skill level 7 in Maces & Flails
  1670 | D:3      | Reached XP level 5. HP: 11/45 MP: 2/2
  1961 | D:3      | Reached skill level 8 in Maces & Flails
  2197 | D:3      | Reached XP level 6. HP: 51/51 MP: 3/3
  2276 | D:4      | Noticed Ijyb
  2288 | D:4      | Killed Ijyb
  2328 | D:4      | Noticed kaze's ghost (average OgDK)
  2341 | D:4      | Killed kaze's ghost
  2341 | D:4      | Reached skill level 9 in Maces & Flails
  2341 | D:4      | Reached XP level 7. HP: 30/57 MP: 3/3
  2541 | D:4      | Reached skill level 10 in Maces & Flails
  2713 | D:4      | Acquired Trog's third power
  3007 | D:5      | Entered Level 5 of the Dungeon
  3010 | D:5      | Found a staircase to the Ecumenical Temple.
  3013 | D:5      | Noticed Sigmund
  3231 | D:5      | Reached skill level 11 in Maces & Flails
  3436 | D:5      | Found a shadowy altar of Dithmenos.
  3455 | D:5      | Got a wavering granite ring
  3597 | D:5      | Reached XP level 8. HP: 57/64 MP: 3/3
  3683 | D:5      | Killed Sigmund
  3738 | D:5      | Reached skill level 12 in Maces & Flails
  4005 | D:5      | the staircase to the Ecumenical Temple was a mimic.
  4122 | D:6      | Identified the cursed ring of Cratity {Str+4 Slay+4} (You found it on level 5 of the Dungeon)
  4221 | D:6      | Found Khaecuh's Distillery.
  4247 | D:6      | Found a staircase to the Ecumenical Temple.
  4259 | Temple   | Entered the Ecumenical Temple
  4443 | D:6      | Reached skill level 13 in Maces & Flails
  4496 | D:6      | Noticed a moth of wrath
  4497 | D:6      | Found a bloodstained altar of Trog.
  4653 | D:6      | Found a deep blue altar of Sif Muna.
  4898 | D:6      | Reached XP level 9. HP: 70/70 MP: 4/4
  4914 | D:6      | Noticed Natasha
  4920 | D:6      | Killed Natasha
  5025 | D:6      | Reached skill level 14 in Maces & Flails
  5306 | D:7      | Received a gift from Trog
  5919 | D:7      | Reached skill level 15 in Maces & Flails
  6079 | D:7      | Found a burning altar of Makhleb.
  6233 | D:8      | Found Riot's Food Emporium.
  6278 | D:8      | Reached skill level 16 in Maces & Flails
  6329 | D:8      | Found Qytemm's Antique Weapon Shoppe.
  6531 | D:8      | Found Klampoast's General Store.
  6555 | D:8      | Reached XP level 10. HP: 78/78 MP: 4/4
  6803 | D:8      | Found Cligg's Antique Weapon Boutique.
  7129 | D:9      | Noticed Edmund
  7139 | D:9      | Killed Edmund
  7175 | D:9      | Noticed Maurice
  7185 | D:9      | Killed Maurice
  7185 | D:9      | Reached skill level 1 in Slings
  7241 | D:9      | Noticed Prince Ribbit
  7261 | D:9      | Killed Prince Ribbit
  7847 | D:10     | Entered Level 10 of the Dungeon
  7854 | D:9      | Reached skill level 17 in Maces & Flails
  7907 | D:10     | Noticed an elephant
  8111 | D:10     | Killed an elephant
  8111 | D:10     | Reached skill level 5 in Fighting
  8127 | D:10     | Found a staircase to the Lair.
  8358 | D:10     | Noticed Erica
  8387 | D:10     | Killed Erica
  8395 | D:10     | Received a gift from Trog
  8421 | D:10     | Reached skill level 5 in Armour
  8618 | D:10     | Reached XP level 11. HP: 77/89 MP: 5/5
  8708 | D:10     | Found a staircase to the Orcish Mines.
  8960 | D:10     | Noticed a hill giant
  9010 | D:10     | Killed a hill giant
  9070 | D:10     | Gained mutation: You are partially covered in icy blue scales (AC +1). [potion of beneficial mutation]
  9281 | Lair:1   | Entered Level 1 of the Lair of Beasts
  9486 | Orc:1    | Entered Level 1 of the Orcish Mines
  9706 | Orc:1    | Upgraded the game from 0.15.0-31-geb66e34 to 0.15.0-34-g666c3a1
  9732 | Orc:1    | Received a gift from Trog
 11025 | Orc:2    | Received a gift from Trog
 11250 | Orc:3    | Reached skill level 18 in Maces & Flails
 11802 | D:11     | Got a transparent long sword
 12220 | D:11     | Found Gamauph's Gadget Shop.
 12600 | D:11     | Reached skill level 5 in Slings
 12689 | D:11     | Received a gift from Trog
 12712 | D:11     | Noticed a great orb of eyes
 12718 | D:11     | Killed a great orb of eyes
 12735 | D:11     | Reached XP level 12. HP: 99/104 MP: 6/6
 12857 | D:11     | Upgraded the game from 0.15.0-34-g666c3a1 to 0.15.1
 12884 | D:11     | Noticed a hill giant
 12897 | D:11     | Killed a hill giant
 12897 | D:11     | Reached skill level 19 in Maces & Flails
 12897 | D:11     | Reached skill level 1 in Evocations
 13639 | D:11     | Received a gift from Trog
 13802 | D:11     | Identified the +5 long sword of a labyrinth {freeze, +Blink rC+} (You found it on level 11 of the Dungeon)
 14397 | Lair:1   | Noticed Harold
 14403 | Lair:1   | Killed Harold
 14403 | Lair:1   | Reached skill level 10 in Fighting
 14591 | Lair:2   | Noticed a five-headed hydra
 14604 | Lair:2   | Killed a five-headed hydra
 15116 | Lair:2   | Received a gift from Trog
 15262 | Lair:2   | Received a gift from Trog
 15729 | Lair:2   | Reached XP level 13. HP: 75/116 MP: 7/7
 15844 | Lair:2   | Reached skill level 20 in Maces & Flails
 16493 | Lair:3   | Received a gift from Trog
 16799 | Lair:4   | Found a hole to the Spider Nest.
 17286 | Lair:4   | Received a gift from Trog
 17319 | Lair:4   | Received a gift from Trog
 18301 | Lair:5   | Reached skill level 21 in Maces & Flails
 18337 | Lair:5   | Upgraded the game from 0.15.1 to 0.15.1-1-gfacfea3
 18461 | Lair:5   | Found a staircase to the Swamp.
 19161 | Lair:6   | Identified a scroll of acquirement
 19247 | Lair:7   | Found a labyrinth entrance.
 19256 | Lab      | Entered a labyrinth
 19742 | Lair:7   | Received a gift from Trog
 19905 | Lair:7   | Reached XP level 14. HP: 89/129 MP: 9/9
 20428 | Lair:8   | Entered Level 8 of the Lair of Beasts
 20459 | Lair:8   | Found a staircase to the Slime Pits.
 20459 | Lair:8   | Found a viscous altar of Jiyva.
 20497 | Lair:7   | Received a gift from Trog
 20665 | Lair:8   | Got a fine trident
 20666 | Lair:8   | Identified the cursed +6 trident "Emujonuysk" {flame, +Blink MR+} (You found it on level 8 of the Lair of Beasts)
 21131 | Lair:8   | Received a gift from Trog
 21190 | Lair:8   | Received a gift from Trog
 21509 | Lair:8   | Found a blossoming altar of Fedhas.
 21742 | Lair:8   | Reached skill level 22 in Maces & Flails
 21956 | Lair:8   | Received a gift from Trog
 22484 | Orc:4    | Entered Level 4 of the Orcish Mines
 22551 | Orc:4    | Received a gift from Trog
 22555 | Orc:4    | Found Setteun's Book Shoppe.
 22560 | Orc:4    | Noticed Snorg
 22573 | Orc:4    | Killed Snorg
 22858 | Orc:4    | Received a gift from Trog
 22887 | Orc:4    | Found a frozen archway.
 22897 | IceCv    | Entered an ice cave
 23492 | Orc:4    | Found a staircase to the Elven Halls.
 23644 | Orc:4    | Reached XP level 15. HP: 139/139 MP: 17/17
 23743 | Orc:4    | Noticed Sonja
 23766 | Orc:4    | Killed Sonja
 24007 | Orc:4    | Paralysed by an orc sorcerer for 3 turns
 24032 | Orc:4    | HP: 2/139 [ettin/dire flail (25)]
 24034 | Orc:3    | Demolished by an ettin

Action                   |  1- 3 |  4- 6 |  7- 9 | 10-12 | 13-15 || total
-------------------------+-------+-------+-------+-------+-------++-------
Melee: Mace              |    60 |   100 |   247 |       |       ||   407
       Great mace        |       |       |    68 |   464 |   797 ||  1329
       Flail             |       |       |     7 |   206 |       ||   213
       Unarmed           |       |       |     4 |    97 |       ||   101
Throw: Stone             |     1 |     1 |       |       |       ||     2
Invok: Berserk           |     1 |     1 |       |     6 |     1 ||     9
       Burn Spellbooks   |       |       |     1 |     2 |       ||     3
Evoke: Wand              |       |     2 |     2 |     7 |    11 ||    22
  Use: Potion            |     2 |     4 |       |     2 |       ||     8
       Scroll            |       |    10 |     8 |    13 |    23 ||    54
 Stab: Sleeping          |       |       |     1 |       |       ||     1
       Held in net/web   |       |       |       |       |     3 ||     3
       Paralysed         |       |       |       |       |     1 ||     1
  Eat: Chunk             |       |     6 |    10 |    14 |    19 ||    49
       Bread ration      |       |       |     1 |     5 |     1 ||     7
       Pizza             |       |       |       |       |     3 ||     3
